 Dungeon Crawl Stone Soup version 0.19.1-1-g22dce08 (webtiles) character file.

53 theAP the Conjurer (level 3, -1/19 HPs)
             Began as a Deep Elf Conjurer on Jan 9, 2017.
             Slain by a hobgoblin
             ... wielding a +0 club
             ... led by Robin
              (7 damage)
             ... on level 1 of the Dungeon.
             The game lasted 00:03:45 (1355 turns).

theAP the Conjurer (Deep Elf Conjurer)              Turns: 1355, Time: 00:03:45

Health: -1/19      AC:  2    Str:  5    XL:     3   Next: 62%
Magic:  6/10       EV: 13    Int: 20    God:
Gold:   62         SH:  0    Dex: 15    Spells: 1 memorised, 9 levels left

rFire  . . .     SeeInvis .     (no weapon)
rCold  . . .     Gourm    .     a - +0 robe
rNeg   . . .     Faith    .     (no shield)
rPois  .         Spirit   .     (no helmet)
rElec  .         Reflect  .     (no cloak)
rCorr  .         Harm     .     (no gloves)
MR     .....                    (no boots)
Stlth  ++........               (no amulet)
                                (no ring)
                                (no ring)

@: no status effects
A: no striking features
a: no special abilities


You were on level 1 of the Dungeon.
You were not hungry.

You visited 1 branch of the dungeon, and saw 2 of its levels.

You collected 62 gold pieces.

Inventory:

Armour
 a - a +0 robe (worn)
Scrolls
 f - a scroll of blinking {unknown}
 g - 2 scrolls of magic mapping {unknown}
 i - a scroll of teleportation {unknown}
 j - a scroll of noise {unknown}
 l - a scroll of enchant weapon {unknown}
Potions
 d - a potion of curing {unknown}
 e - a potion of brilliance {unknown}
 h - a potion of flight {unknown}
Books
 b - a book of Conjurations

   Spells                             Type                      Level
   a - Magic Dart                     Conjuration                  1
   b - Searing Ray                    Conjuration                  2
   c - Dazzling Spray                 Conjuration/Hexes            3
   d - Fulminant Prism                Conjuration/Hexes            4
   e - Iskenderun's Mystic Blast      Conjuration                  4
   f - Iskenderun's Battlesphere      Conjuration/Charms           5
Comestibles
 c - 3 bread rations
 k - a chunk of flesh


   Skills:
 - Level 2.4 Dodging
 - Level 2.4 Stealth
 + Level 4.1 Spellcasting
 * Level 5.4 Conjurations


You had 9 spell levels left.
You knew the following spells:

 Your Spells              Type           Power        Failure   Level  Hunger
a - Magic Dart            Conj           ####         1%          1    None


Dungeon Overview and Level Annotations

Branches:
Dungeon (2/15)

Altars:

Annotations:
D:2 Robin


Message History

The magic dart hits the goblin.
The goblin is moderately wounded.
The hobgoblin hits you with a club. The goblin closely misses you.
Casting: Magic Dart
Confirm with . or Enter, or press ? or * to list all spells.
Aiming: Magic Dart
Press: ? - help, Shift-Dir - straight line, f/p - goblin
Aim: a goblin, wielding a dagger (moderately wounded, unusually strong)
The magic dart hits the goblin.
You kill the goblin!
The hobgoblin hits you but does no damage.
Casting: Magic Dart
Confirm with . or Enter, or press ? or * to list all spells.
Aiming: Magic Dart
Press: ? - help, Shift-Dir - straight line, f - goblin
Aim: a goblin (unusually strong)
The magic dart hits the goblin.
The goblin is moderately wounded.
The hobgoblin hits you with a club!
You die...

##.# #........#########.# ##.#
#####.############ #.# ##.
...............## #.# #.
.....⌠..........# #.# #.
.⌠.......⌠......# #.# #.
...............### #.# #.
...⌠...⌠...⌠..##.# #.# #.
..(..........###)# ### #.# #.
⌠....⌠[...⌠.## #@###.## #.#####.
...........## #gg.(..# #.......
#..⌠...⌠..## #####.## ###.####
##.......## #.# #.# [##..<..###
#.#######.# ..##...##.#
#.........#
...#####..#############..###.#
...##....................###.#
..#.........)#########.......####


You could see a hobgoblin and a goblin.

Vanquished Creatures
  An adder (D:2)
  A dart slug (D:2)
  8 bats
  2 giant cockroaches
  12 goblins
  5 hobgoblins (D:1)
  3 ball pythons
  2 frilled lizards
  A kobold (D:1)
  A rat (D:1)
36 creatures vanquished.

Notes
Turn   | Place    | Note
-------+----------+-------------------------------------------
     0 | D:1      | theAP the Deep Elf Conjurer began the quest for the Orb.
     0 | D:1      | Reached XP level 1. HP: 10/10 MP: 6/6
   170 | D:1      | Reached XP level 2. HP: 15/15 MP: 0/8
   734 | D:1      | Reached skill level 5 in Conjurations
   799 | D:2      | Reached XP level 3. HP: 19/19 MP: 5/10
  1035 | D:2      | Noticed Robin
  1355 | D:1      | Slain by a hobgoblin

Skill      XL: |  1  2  3 |
---------------+----------+-----
Conjurations   | 5 |  5.4
Spellcasting   | 4 |  4.1
Dodging        | |  2.4
Stealth        | |  2.4

Action                   || total
-------------------------++-------
 Cast: Magic Dart        ||    65
  Eat: Chunk             ||     1
Armor: Robe              ||     3
Dodge: Dodged            ||    16
